 Dungeon Crawl Stone Soup version 0.24-a0-284-g9fb9971 (webtiles) character file.

Game seed: 6582802954021165460

39 emperorscorpion the Shield-Bearer (level 3, 0/20 HPs)
             Began as a Vine Stalker Fighter on May 4, 2019.
             Succumbed to an adder's poison
             ... on level 2 of the Dungeon.
             The game lasted 00:01:48 (793 turns).

emperorscorpion the Shield-Bearer (VSFi)             Turns: 793, Time: 00:01:50

Health: 0/20       AC:  6    Str: 19    XL:     3   Next: 45%
Magic:  4/4        EV:  7    Int:  8    God:
Gold:   54         SH:  9    Dex: 13    Spells: 2/2 levels left

rFire    + . .     SeeInvis .   a - +0 rapier
rCold    + . .     Gourm    .   c - +0 shield
rNeg     . . .     Faith    .   b - +0 scale mail
rPois    +         Spirit   +   (no helmet)
rElec    +         Reflect  .   (no cloak)
rCorr    +         Harm     .   (no gloves)
MR       .....                  (no boots)
Stlth    ..........             (no amulet)
HPRegen  0.06/turn              (no ring)
MPRegen  0.09/turn              (no ring)

@: lethally poisoned (0 -> -3), resistant, berserk cooldown, flying, slowed,
very slow
A: fangs 2, magic shield, antimagic bite, no potion heal 3, rot immunity
a: no special abilities


You were on level 2 of the Dungeon.
You were not hungry.

You visited 1 branch of the dungeon, and saw 2 of its levels.

You collected 54 gold pieces.

Inventory:

Hand Weapons
 a - a +0 rapier (weapon)
Armour
 b - a +0 scale mail (worn)
 c - a +0 shield (worn)
Scrolls
 j - a scroll of immolation {unknown}
Potions
 d - a potion of might
Comestibles
 f - 3 rations
 g - a chunk of flesh


   Skills:
 + Level 3.0 Fighting
 + Level 2.1 Short Blades
 + Level 2.8 Armour
 + Level 3.1 Shields


You had 2 spell levels left.
You didn't know any spells.
Your spell library was empty.

Dungeon Overview and Level Annotations

Branches:
Dungeon (2/15)

Altars:


Innate Abilities, Weirdness & Mutations

You have extremely sharp teeth.
When hurt, damage is shared between your health and your magic reserves.
Your bite disrupts and absorbs the magic of your enemies.
Potions cannot restore your health.
You are immune to rotting.


Message History

You kill the adder!
Your Shields skill increases to level 3!
You feel sick.
You feel a strong urge to attack something.
* * * LOW HITPOINT WARNING * * *
You feel sick.
You feel your anger nearly subside.
You are no longer berserk.
You pass out from exhaustion.
You feel yourself slow down.
* * * LOW HITPOINT WARNING * * *
You feel sick.
You can move again.
It was a potion of flight.
You feel very buoyant.
You fly up into the air.
* * * LOW HITPOINT WARNING * * *
You feel sick.
* * * LOW HITPOINT WARNING * * *
You feel sick.
You die...

#.## #.### #.# .
##.## #.# #.# #
###.####.# ##.## .
##.......# ##...## #
#..####### ##.###.#
.#.# #.[# #.# ##<#
#..###.# ##.#
#.#...## #.# #@#####
#.# #.# #.#
##.######## #.#
#.......... #.#
#..########. #.#
###......?....
########.........###.
.......†.....###.#
#.........#..# ..


There were no monsters in sight!

Vanquished Creatures
  An adder (D:2)
  An ooze (D:1)
  A leopard gecko (D:1)
  A ball python (D:2)
  A bat (D:2)
  A giant cockroach (D:1)
  A goblin (D:2)
  4 hobgoblins
  3 jackals (D:1)
  4 kobolds
  5 rats
23 creatures vanquished.

Notes
Turn   | Place    | Note
-------+----------+-------------------------------------------
     0 | D:1      | emperorscorpion the Vine Stalker Fighter began the quest
                  | for the Orb.
     0 | D:1      | Reached XP level 1. HP: 11/11 MP: 2/2
   285 | D:1      | Reached XP level 2. HP: 16/16 MP: 3/3
   705 | D:2      | Reached XP level 3. HP: 20/20 MP: 4/4
   791 | D:2      | HP: 1/20 [poisoned by an adder]
   793 | D:2      | Succumbed to an adder's poison

Levels and vault maps discovered:
D:1:      scummos_arrival_hexagon, layout_rooms
D:2:      layout_loops_ring, first_ration, minmay_misc_feat_diagonals,
          serial_park_tiny_1, trog_butcher_becter, uniq_robin

Skill      XL: |  1  2  3 |
---------------+----------+-----
Fighting       | 3 |  3.0
Short Blades   | 2 |  2.1
Shields        | 3 |  3.1
Armour         | |  2.8

Action                   || total
-------------------------++-------
Melee: Rapier            ||    59
       Bite              ||    19
  Use: Potion            ||     3
Armor: Scale mail        ||    28
Dodge: Dodged            ||    21
Block: Shield            ||    27

Table legend:
 A = Non-vault XP
 B = Vault XP
 C = Vault XP percentage of total XP
 D = Non-vault monster count
 E = Vault monster count
 F = Vault count percentage of total count
                 A         B        C        D         E       F
            +---------+---------+-------+---------+---------+-------
      Total |      56 |       0 |   0.0 |      23 |       0 |   0.0
            +---------+---------+-------+---------+---------+-------
        D:1 |      31 |       0 |   0.0 |      15 |       0 |   0.0
        D:2 |      25 |       0 |   0.0 |       8 |       0 |   0.0
            +---------+---------+-------+---------+---------+-------
